 Dungeon Crawl Stone Soup version 0.27.1-3-gb3d3a73c9e (webtiles) character file.

Game seed: 1009904122911402878

471 cdecastro the Ruffian (level 6, -4/47 HPs)
             Began as a Draconian Transmuter on Oct 7, 2021.
             Was an Initiate of Okawaru.
             Slain by a sky beast (5 damage)
             ... on level 4 of the Dungeon.
             The game lasted 00:11:58 (5099 turns).

cdecastro the Ruffian (Draconian Transmuter)        Turns: 5099, Time: 00:11:59

Health: -4/47      AC:  6    Str: 13    XL:     6   Next: 83%
Magic:  5/9        EV: 12    Int: 15    God:    Okawaru [......]
Gold:   149        SH:  0    Dex: 17    Spells: 3/9 levels left

rFire    . . .     SeeInvis .     - Unarmed
rCold    . . .     Faith    .   (no shield)
rNeg     . . .     Spirit   .   (armour unavailable)
rPois    .         Reflect  .   (helmet restricted)
rElec    .         Harm     .   (no cloak)
rCorr    .         Rampage  .   (no gloves)
Will     .....                  (no boots)
Stlth    ++........             (no amulet)
HPRegen  0.15/turn              b - +6 ring of dexterity
MPRegen  0.11/turn              (no ring)

@: wereblooded
A: AC +6, unfitting armour, cold-blooded
a: Renounce Religion


You were on level 4 of the Dungeon.
You worshipped Okawaru.
Okawaru was noncommittal.
You visited 2 branches of the dungeon, and saw 6 of its levels.

You collected 149 gold pieces.

Inventory:

Missiles
 c - 114 stones
 d - 5 boomerangs
 e - 27 poisoned darts
 l - 31 arrows
 m - 17 sling bullets
Jewellery
 b - a +6 ring of dexterity (left hand)
 n - a ring of protection from cold
Scrolls
 f - a scroll of magic mapping {unknown}
 h - a scroll of silence {unknown}
 i - a scroll of immolation {unknown}
 j - a scroll of acquirement {unknown}
 k - a scroll of teleportation {unknown}
 o - a scroll of holy word {unknown}
 p - a scroll of vulnerability {unknown}
Potions
 a - a potion of might {unknown}
 g - a potion of heal wounds {unknown}


   Skills:
 - Level 1.1 Fighting
 - Level 1.7 Dodging
 + Level 7.8 Unarmed Combat
 - Level 2.0 Spellcasting
 - Level 2.0 Transmutations


You had 3 spell levels left.
You knew the following spells:

 Your Spells              Type           Power      Damage    Failure   Level
a - Beastly Appendage     Tmut           14%        N/A       10%         1
b - Wereblood             Tmut           7%         N/A       14%         2
c - Spider Form           Tmut/Pois      2%         N/A       41%         3

Your spell library contained the following spells:

 Spells                   Type           Power      Damage    Failure   Level
 Freeze                   Ice            4%         1d3       22%         1
 Summon Guardian Golem    Hex/Summ       1%         N/A       54%         3
 Ice Form                 Ice/Tmut       4%         N/A       82%         4
 Orb of Destruction       Conj           0%         N/A       100%        7
 Spellforged Servitor     Conj/Summ      0%         N/A       100%        7


Dungeon Overview and Level Annotations

Branches:
Dungeon (5/15)             Temple (1/1) D:4

Altars:
Dithmenos
Fedhas
Gozag
Hepliaklqana
Kikubaaqudgha
Makhleb
Nemelex Xobeh
Okawaru
Qazlal
Ru
Sif Muna
Trog
Uskayaw
Vehumet
Wu Jian
Xom
Zin
The Shining One

Shops:
D:2 (   D:3 (

Annotations:
D:4 1 runed translucent door, Pikel; Sigmund; pkoi's ghost, amateur MiFi


Innate Abilities, Weirdness & Mutations

Your plain brown scales are hard. (AC +6)
You cannot fit into any form of body armour.
You are cold-blooded and may be slowed by cold attacks.


Message History

That felt strangely unrewarding.
You punch the lemure! You claw the lemure.
The lemure is heavily wounded.
The lemure hits you.
* * * LOW HITPOINT WARNING * * *
You hit the lemure. You claw the lemure, but do no damage.
The lemure is heavily wounded.
The lemure closely misses you.
You barely miss the lemure. You claw the lemure.
Your tail-slap misses the lemure.
The lemure is heavily wounded.
The lemure hits you.
* * * LOW HITPOINT WARNING * * *
You hit the lemure but do no damage.
The lemure is heavily wounded.
The lemure barely misses you.
The sky beast flickers out of sight!
Deactivating autopickup; reactivate with Ctrl-A.
You closely miss the lemure. You claw the lemure, but do no damage.
The lemure is heavily wounded.
The lemure barely misses you.
You punch the lemure! You punch the lemure, but do no damage.
The lemure is severely wounded.
You hit the lemure. You headbutt the lemure.
You kill the lemure!
That felt strangely unrewarding.
You hit something. Something hits you but does no damage.
You miss something. Your kick misses something. Your headbutt misses something.
Something hits you but does no damage.
You miss something. You claw something. You tail-slap something.
Your horns disappear.
Your talons disappear.
Something hits you but does no damage.
You miss something. Something hits you.
* * * LOW HITPOINT WARNING * * *
Something shocks you.
* * * LOW HITPOINT WARNING * * *
You hit something. You tail-slap something. You hit something.
Something hits you.
* * * LOW HITPOINT WARNING * * *
Something shocks you.
You die...

####### ###### ..#.# #.....#
#....# ###.#.# #.....# #....#
#.<.... #.....# #....#
#########.....# #.....# #)...#
#.....)...5.K.#
#.....######....###.#######.....#
......'.......................<..
#.....######...####.#.#####.55...
................@{Kl........#....
##...##############.#....K.......
.##### #.#..##...#.... .#
#.#..##...#.... .#
#....##...###.. .#####
#.....#...###.. .#888##
#.............. .8...8#
#.....#.#.....# .8.>.8#
#######.#.....#


You could see Pikel and an iguana.

Vanquished Creatures
  3 lemures (D:4)
  A scorpion (D:4)
  A howler monkey (D:3)
  An orc priest (D:3)
  An iguana (D:3)
  Natasha (thrice) (D:4)
  A hound skeleton (D:4)
  8 gnolls
  7 adders
  2 dart slugs (D:3)
  11 orcs
  5 endoplasms
  5 giant cockroaches
  9 goblins
  5 hobgoblins
  4 jackals
  6 kobolds
  A quokka (D:3)
  4 ball pythons
  3 bats
  8 frilled lizards
  7 rats
96 creatures vanquished.

Notes
Turn   | Place    | Note
-------+----------+-------------------------------------------
     0 | D:1      | cdecastro the Draconian Transmuter began the quest for the
                  | Orb.
     0 | D:1      | Reached XP level 1. HP: 16/16 MP: 3/3
   368 | D:1      | Reached XP level 2. HP: 23/23 MP: 5/5
   950 | D:1      | Reached skill level 4 in Unarmed Combat
   950 | D:1      | Reached XP level 3. HP: 6/28 MP: 4/6
  1697 | D:1      | Reached skill level 5 in Unarmed Combat
  1697 | D:1      | Reached XP level 4. HP: 18/35 MP: 5/7
  1849 | D:1      | Learned a level 2 spell: Wereblood
  1853 | D:1      | Learned a level 3 spell: Spider Form
  2522 | D:2      | Found Ciesul's Weapon Shop.
  3049 | D:3      | Reached XP level 5. HP: 40/40 MP: 5/8
  3051 | D:3      | Reached skill level 6 in Unarmed Combat
  3121 | D:3      | Found an ancient bone altar of Kikubaaqudgha.
  3334 | D:3      | Found Yddeac's Weapon Shop.
  3658 | D:3      | Found a faded altar of an unknown god.
  3661 | D:3      | Got Plato's Compendium of Ice
  3977 | D:4      | Noticed pkoi's ghost (amateur MiFi)
  3977 | D:4      | Found a runed translucent door.
  3989 | D:3      | Reached XP level 6. HP: 41/47 MP: 6/9
  3996 | D:3      | Reached skill level 7 in Unarmed Combat
  4156 | D:4      | Found a staircase to the Ecumenical Temple.
  4200 | D:4      | Noticed Natasha
  4207 | D:4      | Killed Natasha
  4211 | D:4      | Noticed Natasha
  4216 | D:4      | Noticed Sigmund
  4219 | D:4      | Killed Natasha
  4466 | D:4      | Noticed Natasha
  4476 | D:4      | Killed Natasha
  4510 | D:4      | Noticed Pikel
  4572 | Temple   | Entered the Ecumenical Temple
  4723 | Temple   | Became a worshipper of Warmaster Okawaru
  4805 | D:4      | Noticed a sky beast
  4909 | D:4      | Found a shadowy altar of Dithmenos.
  4977 | D:5      | Entered Level 5 of the Dungeon
  4977 | D:5      | Noticed an ice beast
  5097 | D:4      | HP: 2/47 [something (6)]
  5099 | D:4      | Slain by a sky beast

Illustrated notes

Levels and vault maps discovered:
D:1:      lightli_arrival_boilingwater, layout_basic, st_stairs_1,
          hangedman_decor_points, glass_columns_a, hangedman_decor_push
D:2:      layout_loops_ring, serial_shops, shop
D:3:      minmay_razor_zed, layout_rooms, mainiacjoe_overflow_small_starburst,
          shapermc_ecumenical_altar_rom_forum, serial_shops,
          nicolae_shop_statue_plus, minmay_misc_feat_columns
D:4:      layout_basic, grunt_dithmenos_smoke, minmay_temple_entry_statues,
          hellmonk_ghost_happy_afterlife, uniq_natasha, uniq_sigmund, uniq_pikel
D:5:      layout_cave_pools, elyvilon_altar_5
Temple:   nicolae_temple_elliptical

Skill      XL: |  1  2  3  4  5  6 |
---------------+-------------------+-----
Unarmed Combat | 4 5 6 7 |  7.8
Fighting       | |  1.1
Dodging        | |  1.7
Spellcasting   | |  2.0
Transmutations | |  2.0

Action                   |  1- 3 |  4- 6 || total
-------------------------+-------+-------++-------
Melee: Unarmed           |    78 |   228 ||   306
       Tailslap          |     8 |    20 ||    28
       Headbutt          |     3 |    10 ||    13
       Kick              |     5 |    40 ||    45
       Punch             |       |     7 ||     7
 Cast: Beastly Appendage |     6 |    18 ||    24
       Wereblood         |       |     7 ||     7
 Stab: Sleeping          |     1 |     3 ||     4
Armor: Skin              |    12 |    53 ||    65
Dodge: Dodged            |    40 |   139 ||   179
